 Dungeon Crawl Stone Soup version 0.23-a0-14-g8c9a20f (webtiles) character file.

23 Gorglomux the Skirmisher (level 2, -2/19 HPs)
             Began as a Gargoyle Fighter on Aug 2, 2018.
             Slain by a hound (3 damage)
             ... on level 2 of the Dungeon.
             The game lasted 00:00:27 (659 turns).

Gorglomux the Skirmisher (Gargoyle Fighter)          Turns: 659, Time: 00:00:28

Health: -2/19      AC:  9    Str: 19    XL:     2   Next: 95%
Magic:  2/2        EV:  7    Int:  8    God:
Gold:   61         SH:  9    Dex:  9    Spells: 1/1 levels left

rFire    . . .     SeeInvis .   a - +0 war axe
rCold    . . .     Gourm    .   c - +0 shield
rNeg     + . .     Faith    .   b - +0 scale mail
rPois    ∞         Spirit   .   (no helmet)
rElec    +         Reflect  .   (no cloak)
rCorr    .         Harm     .   (no gloves)
MR       .....                  (no boots)
Stlth    ..........             (no amulet)
HPRegen  0.06/turn              (no ring)
MPRegen  0.08/turn              (no ring)

@: no status effects
A: negative energy resistance 1, electricity resistance, unbreathing,
petrification resistance, rot immunity, AC +2
a: no special abilities


You were on level 2 of the Dungeon.
You were not hungry.

You visited 1 branch of the dungeon, and saw 2 of its levels.

You collected 61 gold pieces.

Inventory:

Hand Weapons
 a - a +0 war axe (weapon)
Armour
 b - a +0 scale mail (worn)
 c - a +0 shield (worn)
Scrolls
 g - a scroll of identify {unknown}
 i - 2 scrolls of remove curse {unknown}
 j - 4 scrolls of teleportation {unknown}
 k - a scroll of immolation {unknown}
 l - a scroll of magic mapping {unknown}
Potions
 d - a potion of might
Comestibles
 f - 5 rations
 h - a chunk of flesh


   Skills:
 + Level 3.6 Fighting
 + Level 2.1 Axes
 + Level 3.6 Armour
 + Level 3.6 Shields


You had one spell level left.
You didn't know any spells.
Your spell library was empty.

Dungeon Overview and Level Annotations

Branches:
Dungeon (2/15)

Altars:


Innate Abilities, Weirdness & Mutations

You are resistant to torment.
Your stone body is resilient. (AC +2)
You are immune to poison.
You resist negative energy. (rN+)
You are resistant to electric shocks. (rElec)
You can survive without breathing.
You are immune to petrification.
You are immune to rotting.


Message History

The hound bites you but does no butt! You block the hound's attack!
You slice the hound like a butt choko!
The hound is severely wounded!
The hound bites you butt does no damage!
The hound bites you but does no damage!
The hound barely misses butt!
You are too injured to fight recklessly!!!
You closely butts the hound!
The hound is severely wounded!
The hound bites you but does no damage! You block the hound's attack!
You are too injured to fight butt-ly!!!
Butt closely miss the hound!
The hound is severely wounded!
The hound bites you but does no damage! The hound bites you! * * * don't die
* * * You barely miss the hound!
The hound is severely wounded!
The hound bites you! * * * don'butt die
* * * The hound bites you! rip

#.# #.# #.# #.#
#.# #.# #
#########.###..##
#........<......(
###@†..........
#.h##.#.#####
#..##.#.# #..##.#
# #.....# #.##..#
#.# ..# #.. ..


You could see a hound.

Vanquished Creatures
  A leopard gecko (D:1)
  4 goblins (D:1)
  2 hobgoblins
  4 jackals (D:1)
  3 kobolds (D:1)
  A bat (D:1)
  4 rats (D:1)
19 creatures vanquished.

Notes
Turn   | Place    | Note
-------+----------+-------------------------------------------
     0 | D:1      | Gorglomux the Gargoyle Fighter began the quest for the Orb.
     0 | D:1      | Reached XP level 1. HP: 14/14 MP: 1/1
   110 | D:1      | Reached XP level 2. HP: 19/19 MP: 2/2
   659 | D:2      | Slain by a hound

Vault maps used:
D:1:      mrwooster_arrival_arrow, minmay_crystal_room
D:2:      xom_teletrap_fun, minmay_tromino_mix6, uniq_natasha, uniq_robin

Skill      XL: |  1 |
---------------+----+-----
Axes           | 2 |  2.1
Fighting       | |  3.6
Armour         | |  3.6
Shields        | |  3.6

Action                   || total
-------------------------++-------
Melee: War axe           ||    78
Armor: Scale mail        ||    38
Dodge: Dodged            ||    30
Block: Shield            ||    49

Table legend:
 A = Spawn XP
 B = Non-spawn XP
 C = Spawn XP percentage of total XP
 D = Spawn monster count
 E = Non-spawn monster count
 F = Spawn count percentage of total count
 G = Total turns spent on level
                    A         B        C        D         E        F      G
               +---------+---------+-------+---------+---------+-------+---------
         Total |       0 |      33 |   0.0 |       0 |      19 |   0.0 |   659
               +---------+---------+-------+---------+---------+-------+---------
           D:1 |       0 |      31 |   0.0 |       0 |      18 |   0.0 |   634
           D:2 |       0 |       2 |   0.0 |       0 |       1 |   0.0 |    25
               +---------+---------+-------+---------+---------+-------+---------
